 Dungeon Crawl Stone Soup version 0.30-a0-422-g946f4849ff (webtiles) character file.

Game seed: 11322237455023973365

93 horus123 the Trooper (level 4, -8/39 HPs)
             Began as a Human Fighter on Dec 8, 2022.
             Was a Follower of Kikubaaqudgha.
             Killed by nerve-wracking pain
             ... invoked by an orc priest
              (10 damage)
             ... on level 4 of the Dungeon.
             The game lasted 00:04:22 (2275 turns).

horus123 the Trooper (Human Fighter)                Turns: 2275, Time: 00:04:22

Health: -8/39      AC: 11    Str: 19    XL:     4   Next: 91%
Magic:  5/5        EV:  9    Int:  8    God:    Kikubaaqudgha [*.....]
Gold:   225        SH:  0    Dex: 12    Spells: 3/5 levels left

rFire   . . .      SeeInvis .    a - +0 trident
rCold   . . .      Faith    .    (no shield)
rNeg    . . .      Spirit   .    b - +0 scale mail
rPois   .          Reflect  .    r - +2 helmet
rElec   .          Harm     .    f - +0 cloak
rCorr   .          Rampage  .    (no gloves)
Will    .....                    (no boots)
Stlth   ..........               (no amulet)
HPRegen 0.26/turn                (no ring)
MPRegen 0.09/turn                (no ring)

@: no status effects
A: no striking features
a: Renounce Religion, Unearth Wretches


You were on level 4 of the Dungeon.
You worshipped Kikubaaqudgha.
Kikubaaqudgha was aware of your devotion.
You visited 1 branch of the dungeon, and saw 4 of its levels.

You collected 225 gold pieces.

Inventory:

Hand Weapons
 a - a +0 trident (weapon)
Missiles
 h - 3 poisoned darts (quivered)
Armour
 b - a +0 scale mail (worn)
 e - a +0 chain mail
 f - a +0 cloak (worn)
 r - a +2 helmet (worn)
Scrolls
 g - a scroll of vulnerability
 i - a scroll of noise
 k - a scroll of teleportation
 m - a scroll of blinking
 o - a scroll of fear
Potions
 d - a potion of might
 j - a potion of heal wounds {unknown}
 l - 2 potions of ambrosia {unknown}
 p - 2 potions of curing {unknown}
 q - 2 potions of brilliance {unknown}


   Skills:
 - Level 5.0 Fighting
 - Level 2.0 Polearms
 - Level 3.0 Armour
 - Level 3.0 Shields
 + Level 1.0 Spellcasting


You had 3 spell levels left.
You knew the following spells:

 Your Spells              Type           Power      Damage    Failure   Level
a - Kiss of Death         Conj/Necr      0%         2d5       75%         1
b - Necrotise             Necr           0%         1d4       75%         1

Your spell library contained the following spells:

 Spells                   Type           Power      Damage    Failure   Level
 Cigotuvi's Dreadful Rot  Necr/Pois/Air  0%         N/A       87%         2
 Sublimation of Blood     Necr           0%         N/A       87%         2


Dungeon Overview and Level Annotations

Branches:
Dungeon (4/15)
 Temple: D:4-7

Altars:
Kikubaaqudgha
Makhleb


Message History

You hit the orc priest but do no damage.
The orc barely misses you.
The orc priest hits you with a +0 flail.
The orc closely misses you.
You hit the orc priest but do no damage.
The orc priest completely misses you. The orc barely misses you. x2
The orc hits you but does no damage.
The orc priest hits you but does no damage.
The orc barely misses you.
You puncture the orc priest!
The orc priest is heavily wounded.
The orc hits you but does no damage. The orc priest barely misses you.
The orc barely misses you.
You hit the orc priest but do no damage.
The orc priest is heavily wounded.
The orc hits you but does no damage. x2; The orc priest closely misses you.
You hit the orc priest but do no damage.
The orc priest is heavily wounded.
The orc hits you but does no damage. The orc priest barely misses you.
The orc hits you but does no damage.
You hit the orc priest.
The orc priest is severely wounded.
The orc hits you with a +0 hand axe.
The orc priest hits you with a +0 flail.
The orc hits you with a +0 hand axe.
You hit the orc priest.
The orc priest is almost dead.
The orc hits you with a +0 hand axe.
The orc priest hits you but does no damage.
The orc completely misses you. The orc hits you with a +0 hand axe. x2
* * * LOW HITPOINT WARNING * * *
The orc priest hits you with a +0 flail.
* * * LOW HITPOINT WARNING * * *
The orc priest hits you with a +0 flail.
* * * LOW HITPOINT WARNING * * *
There is a stone staircase leading up here.
The orc priest invokes the aid of Beogh against you.
Pain shoots through your body!
You die...
Kikubaaqudgha rasps: "You have failed me!
Welcome... death!"

## #. ##.#
###...#
#......##
........## .
.......@.## ...
.....##.oo#.....
... ##o....... .
#>.......
#).......
.........
..#......
..........
..#).....#


You could see an orc priest and 2 orcs.

Vanquished Creatures
  2 adders
  A worm (D:3)
  2 dart slugs
  6 orcs
  3 bats
  9 endoplasms
  3 giant cockroaches
  6 hobgoblins
  4 kobolds
  3 quokkas (D:1)
  8 ball pythons
  A frilled lizard (D:2)
  5 goblins
  2 rats
55 creatures vanquished.

Notes
Turn   | Place    | Note
-------+----------+-------------------------------------------
     0 | D:1      | horus123 the Human Fighter began the quest for the Orb.
     0 | D:1      | Reached XP level 1. HP: 18/18 MP: 1/1
    43 | D:1      | Reached XP level 2. HP: 9/24 MP: 2/2
   502 | D:1      | Reached skill level 4 in Fighting
   502 | D:1      | Reached XP level 3. HP: 30/30 MP: 3/3
  1052 | D:2      | Reached XP level 4. HP: 38/38 MP: 4/4
  1196 | D:2      | Found a faded altar of an unknown god.
  1215 | D:2      | Prayed at the altar of an unknown god.
  1215 | D:2      | Became a worshipper of Kikubaaqudgha
  1215 | D:2      | Reached * piety under Kikubaaqudgha
  1215 | D:2      | Received a gift from Kikubaaqudgha
  1413 | D:2      | Learned a level 1 spell: Kiss of Death
  1415 | D:2      | Learned a level 1 spell: Necrotise
  1592 | D:3      | Found a burning altar of Makhleb.
  1718 | D:3      | Reached skill level 5 in Fighting
  2123 | D:3      | Reached skill level 1 in Spellcasting
  2275 | D:4      | Killed from afar by an orc priest

Illustrated notes

Levels and vault maps discovered:
D:1:      amcnicky_arrival_gap_in_the_tavern_cellar, layout_loops_cross,
          minmay_misc_feat_more_columns, minmay_indecisive_spiral
D:2:      layout_loops_ring, basic_ecumenical_altar
D:3:      layout_rooms, bloody_makhleb, grunt_decor_fettered, st_stairs_6,
          nicolae_hexahallways
D:4:      layout_cave_pods, nicolae_dithmenos_shadow_blocks,
          hangedman_decor_points

Skill      XL: |  1  2  3  4 |
---------------+-------------+-----
Fighting       | 4 5 |  5.0
Spellcasting   | 1 |  1.0
Polearms       | |  2.0
Armour         | |  3.0
Shields        | |  3.0

Action                   |  1- 3 |  4- 6 || total
-------------------------+-------+-------++-------
Melee: Trident           |   102 |    76 ||   178
       Punch             |       |     1 ||     1
  Use: Scroll            |     2 |     5 ||     7
Armor: Scale mail        |    10 |    32 ||    42
       Chain mail        |    28 |     3 ||    31
Dodge: Dodged            |    23 |    36 ||    59
Block: Buckler           |    20 |     1 ||    21

Table legend: (Time is in decaauts)
 A = Elapsed time spent in this place.
 B = Non-inter-level travel time spent in this place.
 C = Inter-level travel time spent in this place.
 D = Time resting spent in this place.
 E = Time spent auto-exploring this place.
 F = Levels seen in this place.
 G = Mean time per level.
                   A        B        C        D        E       F      G
               +--------+--------+--------+--------+--------+-----+--------+
         Total |   2315 |   2244 |     71 |    161 |   1588 |   4 |  578.8 |
       Dungeon |   2315 |   2244 |     71 |    161 |   1588 |   4 |  578.8 |
               +--------+--------+--------+--------+--------+-----+--------+

Top non-repeatable levels by time:
     D:1: 828 daAuts
     D:3: 826 daAuts
     D:2: 638 daAuts
     D:4: 22 daAuts
